 Dungeon Sprint DCSS version 0.32-a0-685-g93135e86f0 (webtiles) character file.

Game seed: 10271874129738195241

9 Prakerore the Shooter (level 2, -1/22 HPs)
             Began as a Coglin Hunter on Mar 13, 2024.
             Killed by nerve-wracking pain
             ... invoked by Menkaure
              (13 damage)
             ... in the Dungeon (Sprint II: "The Violet Keep of Menkaure").
             The game lasted 00:00:37 (88 turns).

Prakerore the Shooter (Coglin Hunter)                 Turns: 88, Time: 00:00:37

Health: -1/22      AC:  3    Str: 11    XL:     2   Next: 12%
Magic:  2/2        EV: 12    Int:  8    God:
Gold:   243        SH:  0    Dex: 17    Spells: 1/1 levels left

rFire   . . .        a - +2 sling {Surin}
rCold   . . .        d - +0 sling {Akiya}
rNeg    . . .        c - +0 leather armour
rPois   .            (no helmet)
rElec   .            (no cloak)
rCorr   .            (no gloves)
SInv    .            (no boots)
Will    .....        (amulet unavailable)
Stlth   ++           (ring unavailable)
HPRegen 0.23/turn    (ring unavailable)
MPRegen 0.08/turn    (no gizmo)

%: no teleportation
@: hasted, revving, very quick
A: off-hand wielding, slow wielding, warmup strikes, no jewellery
a: Invent Gizmo


You were in the Dungeon.
You visited 1 branch You collected 243 gold pieces.

Inventory:

Hand Weapons
 a - a +2 sling (weapon) {Surin}
 d - a +0 sling (offhand) {Akiya}
Armour
 c - a +0 leather armour (worn)
Scrolls
 b - a scroll of butterflies
 j - a scroll of blinking
Potions
 e - a potion of curing
 f - a potion of heal wounds
 h - 2 potions of magic
 i - a potion of berserk rage


   Skills:
 - Level 2.2 Fighting
 + Level 5.1 Ranged Weapons
 - Level 1.8 Dodging
 - Level 0.7 Stealth


You had one spell level left.
You didn't know any spells.
Your spell library was empty.

Dungeon Overview and Level Annotations

Branches:
Dungeon (1/1)

Altars:

Shops:
D :!==[?(=![![[

Annotations:
D exclusion: oklob plant, Menkaure


Innate Abilities, Weirdness & Mutations

You can wield a second weapon in your off-hand.
It takes a long time for you to wield or remove held weapons.
Your first few attacks do less damage.
You cannot equip rings or amulets.


Message History

Found Recw's Jewellery Boutique and Riewaf's Distillery.
You open the door.
Found Paxar's Distillery and Sesigen's Jewellery Boutique.
Menkaure, Prince of Dust comes into view.
Found Ibadiw's Book Shop.
Menkaure shouts!
Menkaure forgets how to speak, silenced by the ages.
Marking area around an oklob plant as unsafe for travelling.
There is an open door here.
Fire: a) +2 sling {Surin}
Press: ? - help, Q - select action Shift-Dir - straight line, f - Menkaure
Aim: Menkaure (77% to hit)
Okay, then.
You aren't carrying any items that you can evoke.
Unknown command.
Okay, then.
Okay, then.
Unknown command.
Okay, then.
You feel yourself speed up.
Fire: a) +2 sling {Surin}
Press: ? - help, Q - select action Shift-Dir - straight line, f - Menkaure
Aim: Menkaure (77% to hit)
You shoot a sling bullet.
The sling bullet hits Menkaure but does no damage.
You shoot a sling bullet.
The sling bullet barely misses Menkaure.
Menkaure casts a spell at you. Pain shoots through your body!
Fire: a) +2 sling {Surin}
Press: ? - help, Q - select action Shift-Dir - straight line, f/p - Menkaure
Aim: Menkaure (77% to hit)
You shoot a sling bullet. The sling bullet hits Menkaure.
Menkaure is lightly damaged.
You shoot a sling bullet. The sling bullet hits Menkaure.
Menkaure is lightly damaged.
Menkaure casts a spell at you. Pain shoots through your body!
Ouch! That really hurt!
You die...

########~~~...
.∩.....#~~~~.## ##
∩.∩....#~~~M . .
.∩.∩...#~~~ s#.
..∩.∩..#~~### #s#
...∩.⌠.#~##.# #+#
..∩.∩..#~#†####.##
.∩.∩...@~'##.†.<.+
..∩....#~#...##.##
▓▓▓▓▓###~##.###+#
ll######~~### .l
##~~ P +#~ ~~ ~~


You could see an oklob plant (dormant), 3 crocodiles and Menkaure.

Vanquished Creatures
  3 ribbon worms (D)
3 creatures vanquished.

Notes
Turn   | Place    | Note
-------+----------+-------------------------------------------
     0 | D        | Prakerore the Coglin Hunter began the quest for the Orb.
     0 | D        | Reached XP level 1. HP: 16/16 MP: 1/1
     1 | D        | Noticed a scorpion
     1 | D        | Noticed a scorpion
    10 | D        | Reached skill level 4 in Ranged Weapons
    33 | D        | Found Biucsipn's Antique Armour Boutique.
    33 | D        | Found Kuatommo's Antique Armour Boutique.
    33 | D        | Found Giosm's Distillery.
    34 | D        | Found Onkoo's Armour Shop.
    34 | D        | Found Nora Pob's Jewellery Shop.
    34 | D        | Found Zeoggu's Antique Weapon Boutique.
    34 | D        | Found Vakk's Magic Scroll Shop.
    34 | D        | Found Firphugro's Antique Armour Boutique.
    42 | D        | Reached skill level 5 in Ranged Weapons
    42 | D        | Reached XP level 2. HP: 13/22 MP: 2/2
    83 | D        | Found Recw's Jewellery Boutique.
    83 | D        | Found Riewaf's Distillery.
    84 | D        | Found Paxar's Distillery.
    84 | D        | Found Sesigen's Jewellery Boutique.
    84 | D        | Noticed a crocodile
    85 | D        | Found Ibadiw's Book Shop.
    85 | D        | Noticed Menkaure
    85 | D        | Noticed a crocodile
    85 | D        | Noticed a crocodile
    85 | D        | Noticed an oklob plant
    88 | D        | Killed from afar by Menkaure

Illustrated notes

Levels and vault maps discovered:
D:        the_violet_keep_of_menkaure [sprint2_stairs_cluster_1,
          sprint2_shoproom, sprint2_temple, sprint2_basic_supplies,
          sprint2_obstacle_6, sprint2_obstacle_3, sprint2_obstacle_7,
          sprint2_obstacle_2, sprint2_obstacle_1, sprint2_timed_cluster_1,
          sprint2_smallroom_cluster_1, sprint2_smallroom_final_cluster_1,
          sprint2_transparent_cluster_1, sprint2_second_timed_cluster_1,
          sprint2_sniper_area_1, sprint2_heavy_combat_area_1,
          sprint2_mutation_trap_area_1, sprint2_forest_area_1,
          sprint2_light_combat_area_1, sprint2_behind_water_1,
          sprint2_near_end_vault_1]

Skill      XL: |  1 |
---------------+----+-----
Ranged Weapons | 5 |  5.1
Fighting       | |  2.2
Dodging        | |  1.8
Stealth        | |  0.7

Action                     || total
---------------------------++-------
   Fire: Sling             ||    26
    Use: Potion            ||     1
 Armour: Leather armour    ||     3
  Dodge: Dodged            ||     3

Table legend: (Time is in decaauts)
 A = Elapsed time spent in this place.
 B = Non-inter-level travel time spent in this place.
 C = Inter-level travel time spent in this place.
 D = Time resting spent in this place.
 E = Time spent auto-exploring this place.
 F = Levels seen in this place.
 G = Mean time per level.
                   A        B        C        D        E       F      G
               +--------+--------+--------+--------+--------+-----+--------+
         Total |     91 |     91 |      0 |     37 |     18 |   1 |   91.0 |
       Dungeon |     91 |     91 |      0 |     37 |     18 |   1 |   91.0 |
               +--------+--------+--------+--------+--------+-----+--------+

Top non-repeatable levels by time:
       D: 91 daAuts
